 Dungeon Crawl Stone Soup version 0.30-a0-782-ge64f9170bb (webtiles) character file.

Game seed: 8358241485365659821

55 Leeroy the Changer (level 3, -1/23 HPs)
             Began as an Octopode Transmuter on Feb 22, 2023.
             Slain by an orc
             ... wielding a +0 war axe
              (10 damage)
             ... on level 3 of the Dungeon.
             The game lasted 00:01:51 (1703 turns).

Leeroy the Changer (Octopode Transmuter)            Turns: 1703, Time: 00:01:52

Health: -1/23      AC:  2    Str:  9    XL:     3   Next: 93%
Magic:  4/6        EV: 19    Int: 17    God:
Gold:   157        SH:  0    Dex: 17    Spells: 2/6 levels left

rFire   . . .      SeeInvis .      - Unarmed
rCold   . . .      Faith    .    (shield currently unavailable)
rNeg    . . .      Spirit   .    (helmet currently unavailable)
rPois   x          Reflect  .    (no amulet)
rElec   .          Harm     .    l - ring of willpower
rCorr   .          Rampage  .    (no ring)
Will    +....                    (no ring)
Stlth   ++                       (no ring)
HPRegen 0.23/turn                (no ring)
MPRegen 0.10/turn                (no ring)
                                 (no ring)
                                 (no ring)

@: spider-form (expiring)
A: venomous fangs, almost no armour, (amphibious), 8 rings, tiny, (camouflage
1), (gelatinous body 1), (nimble swimmer 1), (tentacles)
a: End Transformation


You were on level 3 of the Dungeon.
You were a venomous arachnid creature.
You visited 1 branch of the dungeon, and saw 3 of its levels.

You collected 157 gold pieces.

Inventory:

Hand Weapons
 a - a +2 dagger of venom
Missiles
 k - 5 poisoned darts
Magical Staves
 m - a staff of cold
Jewellery
 l - a ring of willpower (left front pincers)
Wands
 p - a wand of polymorph (9)
Scrolls
 b - a scroll of teleportation {unknown}
 c - a scroll of enchant weapon {unknown}
 d - a scroll of torment {unknown}
 e - a scroll of butterflies {unknown}
 g - a scroll of amnesia {unknown}
 j - 3 scrolls of identify {unknown}
 o - a scroll of poison {unknown}
Potions
 f - a potion of resistance {unknown}
 h - a potion of haste {unknown}
 i - 2 potions of cancellation
 n - a potion of curing {unknown}


   Skills:
 - Level 1.0 Fighting
 - Level 2.0 Dodging
 - Level 3.0 Unarmed Combat
 - Level 2.0 Spellcasting
 + Level 4.1 Transmutations
 + Level 0.2 Poison Magic


You had 2 spell levels left.
You knew the following spells:

 Your Spells              Type           Power      Damage    Failure   Level
a - Beastly Appendage     Tmut           30%        N/A       12%         1
b - Spider Form           Tmut/Pois      9%         N/A       45%         3

Your spell library contained the following spells:

 Spells                   Type           Power      Damage    Failure   Level
 Wereblood                Tmut           15%        N/A       16%         2
 Sandblast                Erth           2%         2d4       38%         1
 Gell's Gravitas          Tloc           1%         N/A       71%         3
 Teleport Other           Tloc           1%         N/A       71%         3
 Ice Form                 Ice/Tmut       8%         N/A       82%         4
 Blade Hands              Tmut           7%         N/A       86%         5
 Dispersal                Tloc           0%         N/A       100%        6
 Iron Shot                Conj/Erth      0%         9d1       100%        6
 Animate Armour           Summ/Erth      Unusable   N/A       N/A         4

Dungeon Overview and Level Annotations

Branches:
Dungeon (3/15)

Altars:


Innate Abilities, Weirdness & Mutations

You are a venomous arachnid creature.
You have venomous fangs.
You are tiny and dextrous.
Your spellcasting is less reliable in this form.
Your armour is entirely melded.
You are incapable of wielding weapons or throwing items.
You cannot wear most types of armour.
((You are amphibious.))
You can wear up to eight rings at the same time.
((Your skin changes colour to match your surroundings (Stealth+).))
((Your rubbery body absorbs attacks. (AC +1, EV +1)))
((You are camouflaged when in or above water. (Stealth+)))
((You have tentacles for arms and can constrict up to eight enemies at once.))


Message History

You completely miss the orc. You grab the orc.
The orc is heavily wounded.
You constrict the orc. The orc hits you with a +0 club.
You tentacle-slap the orc.
The orc is almost dead.
You constrict the orc.
You kill the orc!
Cast which spell? (? or * to list)
The spell is extremely dangerous to miscast (26% risk of failure)!
Continue anyway?
You turn into a venomous arachnid creature.
You hit the orc.
The orc is poisoned.
The orc is severely wounded.
Your transformation is almost over.
The orc hits you with a +0 flail!
You completely miss the orc.
The orc is almost dead.
You kill the orc!
You completely miss the adder. The adder misses you.
You hit the adder.
The adder is poisoned.
The adder is moderately wounded.
The adder misses you. The adder completely misses you.
You barely miss the adder.
The adder is severely wounded.
The adder misses you.
You completely miss the adder.
The adder is severely wounded.
The adder misses you.
You hit the adder.
The adder looks as sick as possible!
The adder is almost dead.
You kill the adder!
An adder comes into view.
Your Transmutations skill increases to level 4!
You hit the orc but do no damage.
The orc is poisoned.
The orc hits you with a +0 club.
You hit the orc.
You kill the orc!
You hit the orc.
The orc is poisoned.
The orc is severely wounded.
The orc hits you with a +0 war axe!
You die...

#.## ... #.. ... #.#
#S# #o# ### #########s#
.###.. .........#
....####..####†.#
#..##.#..#.....#####
.##..#.......##.##...
...........####.##.#
###..#....<....!...####
...........####[....†.#
############ #....##.#


You could see an adder and an orc (very poisoned).

Vanquished Creatures
  An adder (D:3)
  A worm (D:2)
  3 orcs (D:3)
  5 endoplasms
  A giant cockroach (D:1)
  3 goblins
  3 hobgoblins
  2 quokkas (D:1)
  5 ball pythons
  2 bats (D:1)
  2 frilled lizards
  7 kobolds
  6 rats
41 creatures vanquished.

Notes
Turn   | Place    | Note
-------+----------+-------------------------------------------
     0 | D:1      | Leeroy the Octopode Transmuter began the quest for the Orb.
     0 | D:1      | Reached XP level 1. HP: 13/13 MP: 3/3
   193 | D:1      | Reached XP level 2. HP: 7/18 MP: 5/5
   405 | D:1      | Reached skill level 3 in Transmutations
   411 | D:1      | HP: 1/27 [poisoned by a goblin]
   899 | D:2      | Reached XP level 3. HP: 18/23 MP: 6/6
  1271 | D:2      | Found a faded altar of an unknown god.
  1275 | D:2      | Got Plato's Papyrus of the Valley
  1288 | D:2      | Learned a level 3 spell: Spider Form
  1701 | D:3      | Reached skill level 4 in Transmutations
  1703 | D:3      | Slain by an orc

Illustrated notes

Levels and vault maps discovered:
D:1:      dpeg_arrival_ratfight, layout_loops_ring
D:2:      minmay_door_path, layout_basic, shapermc_ecumenical_altar_rom_forum
D:3:      layout_loops_cross, eino_curves_01, minmay_pentomino_pile

Skill      XL: |  1  2  3 |
---------------+----------+-----
Transmutations | 3 4 |  4.1
Fighting       | |  1.0
Dodging        | |  2.0
Unarmed Combat | |  3.0
Spellcasting   | |  2.0
Poison Magic   | |  0.2

Action                     || total
---------------------------++-------
  Melee: Unarmed           ||   102
         Tentacles         ||    18
         Constrict         ||    21
         Punch             ||     2
   Cast: Spider Form       ||     1
    Use: Potion            ||     2
   Stab: Sleeping          ||     7
         Distracted        ||     1
 Armour: Skin              ||     4
  Dodge: Dodged            ||    52

Table legend: (Time is in decaauts)
 A = Elapsed time spent in this place.
 B = Non-inter-level travel time spent in this place.
 C = Inter-level travel time spent in this place.
 D = Time resting spent in this place.
 E = Time spent auto-exploring this place.
 F = Levels seen in this place.
 G = Mean time per level.
                   A        B        C        D        E       F      G
               +--------+--------+--------+--------+--------+-----+--------+
         Total |   1697 |   1648 |     49 |     40 |   1311 |   3 |  565.7 |
       Dungeon |   1697 |   1648 |     49 |     40 |   1311 |   3 |  565.7 |
               +--------+--------+--------+--------+--------+-----+--------+

Top non-repeatable levels by time:
     D:1: 857 daAuts
     D:2: 777 daAuts
     D:3: 62 daAuts
